AoeStats
← Julianspinto

Migration

509513192Analyzed
1v1 RM · 5d ago on Sep 27, 2026· 57m 46s· 2 players
Game mode
Random Map
Map size
132×132
Population
200
Speed
Normal
Resources
Standard
Victory
Conquest
Starting age
Dark Age
Ending age
Imperial Age
RankedLock teamsTeams togetherTeam positionsShared explorationLock speedFull tech treeHidden civsTurbo modeCheats
Victory
Defeat
🇪🇸 Portuguese · Spain
362
+13
🇺🇸 Slavs · United States
291
-13
EarthTuna14240
0:51 Loom
15:35 Feudal Age
21:23 Wheelbarrow
21:59 Double-Bit Axe
23:11 Man-at-Arms
24:27 Gold Mining
29:39 Fishing Lines
32:28 Castle Age
31:43 Town Watch
35:42 Demolition Ship
36:33 Medium Warships
39:24 Squires
39:56 Ballistics
39:27 Guard Tower
42:19 Gillnets
42:56 Fortified Wall
45:20 Hand Cart
45:40 Horse Collar
52:30 Murder Holes
52:46 Masonry
57:01 Imperial Age
Julianspinto
11:07 Feudal Age
12:47 Double-Bit Axe
13:41 Fishing Lines
18:21 Horse Collar
20:47 Castle Age
20:13 Wheelbarrow
27:48 Imperial Age
25:49 Bloodlines
26:41 Husbandry
27:42 Medium Warships
28:30 Careening
28:33 Clinker Construction
29:20 Heavy Warships
34:23 Hand Cart
34:29 Light Cavalry
36:41 Man-at-Arms
37:08 Gambesons
37:40 Crossbowman
39:02 Dry Dock
39:09 Heated Shot
39:20 Heated Shot
39:52 Siege Engineers
41:43 Bow Saw
41:40 Heavy Plow
42:38 Circumnavigation
44:06 Chemistry
43:31 Ballistics
43:34 Carvel Hull
43:21 Siphons
43:14 Murder Holes
42:55 Cavalier
44:01 Gillnets
44:40 Elite Cannon Galleon
44:42 Elite Caravel
47:39 Bombard Tower
54:00 Two-Man Saw
53:24 Scale Barding Armor
53:31 Forging
53:22 Scale Mail Armor
53:23 Padded Archer Armor
53:14 Fletching
54:05 Arquebus
53:27 Elite Organ Gun
53:39 Sappers
54:34 Conscription
54:28 Thumb Ring
54:18 Treadmill Crane
Connection lost

Rejoining the realm…

Still unreachable

The connection could not be restored.

Session expired

The server has moved on; the page needs a fresh start.